[Event "Titled Tuesday Blitz May 23 Early 2023"]
[White "Alexikov, Alexander"]
[Black "Cramling Bellon, Anna"]
[WhiteFideId "14103958"]
[BlackFideId "32009232"]
[WhiteElo "2186"]
[BlackElo "1976"]
[Result "1-0"]
[Round "08"]
[TimeControl "180+2"]
[Date "2023.05.23"]
[WhiteClock "0:00:46"]
[BlackClock "0:00:01"]

1. e4 c5 2. Nf3 e6 3. Nc3 Nc6 4. d4 cxd4 5. Nxd4 Nf6 6. Be2 Bb4 7. Nxc6 bxc6 8. e5 Nd5 9. Bd2 Qc7 10. f4 Nxc3 11. bxc3 Bc5 12. Bd3 d6 13. exd6 Qxd6 14. Qe2 O-O 15. Be3 e5 16. Bxc5 Qxc5 17. Qxe5 Qxe5+ 18. fxe5 Re8 19. Kd2 Rxe5 20. Rhe1 Rxe1 21. Rxe1 Be6 22. a4 c5 23. c4 Rd8 24. Kc3 g6 25. a5 Rd4 26. Re5 Rg4 27. g3 h5 28. Rxc5 h4 29. gxh4 Rxh4 30. Rc7 a6 31. Rc6 Rxh2 32. Bxg6 fxg6 33. Rxe6 Kf7 34. Rxa6 Rh5 35. Kb4 g5 36. Rd6 g4 37. a6 g3 38. a7 g2 39. a8=Q g1=Q 40. Qb7+ Kg8 41. Rd8# 1-0


[Site "https://www.chess.com"]

[Event "Titled Tuesday Blitz May 23 Early 2023"]
[White "Travadon, Loic"]
[Black "ChesscularGodofchess"]
[WhiteFideId "26092131"]
[WhiteElo "2405"]
[BlackElo "2128"]
[Result "0-1"]
[Round "08"]
[TimeControl "180+2"]
[Date "2023.05.23"]
[WhiteClock "0:00:00"]
[BlackClock "0:00:05"]

1. d4 d6 2. e4 Nf6 3. Nc3 e5 4. Nf3 Nbd7 5. g4 h6 6. h3 c6 7. a4 a5 8. Be3 Qc7 9. Qd3 Be7 10. Be2 Nf8 11. O-O-O g5 12. Qc4 Ng6 13. dxe5 dxe5 14. Nd5 Nxd5 15. exd5 O-O 16. h4 Nf4 17. hxg5 hxg5 18. Bxf4 exf4 19. d6 Bxd6 20. Qd3 Rd8 21. Qh7+ Kf8 22. Nxg5 f3 23. Bc4 Bf4+ 24. Kb1 Bxg5 25. Qh8+ Ke7 26. Rxd8 Qxd8 27. Qe5+ Be6 28. Qxg5+ Kd6 29. Rd1+ Bd5 30. Qf4+ Kc5 31. Bxd5 cxd5 32. Qxf3 Qd7 33. Qc3+ Kb6 34. Qd4+ Kc6 35. Qf6+ Kc5 36. g5 Re8 37. Rd3 Re1+ 38. Ka2 Qxa4+ 39. Ra3 Qc4+ 40. b3 Qxc2+ 41. Qb2 Qxb2+ 42. Kxb2 b5 43. b4+ axb4 44. Rf3 Re2+ 45. Kb3 Re5 46. Rxf7 Rxg5 47. Rc7+ Kd4 48. Kxb4 Rf5 49. Kxb5 Rxf2 50. Kb4 Rb2+ 51. Ka3 Rb8 52. Ka2 Kd3 53. Rh7 d4 54. Rh2 Kc3 55. Rh7 d3 56. Rc7+ Kd2 57. Re7 Kc2 58. Rc7+ Kd1 59. Re7 d2 60. Re6 Rb5 61. Ka3 Kc2 62. Rc6+ Kd3 63. Rd6+ Kc3 64. Ka2 Rb4 65. Rc6+ Rc4 66. Rd6 Rd4 67. Rc6+ Kd3 68. Ka3 d1=Q 69. Rc3+ Kxc3 0-1


[Site "https://www.chess.com"]

[Event "Titled Tuesday Blitz May 23 Early 2023"]
[White "Yanayt, Eugene"]
[Black "Sanudula, K M Dahamdi"]
[WhiteFideId "2020165"]
[BlackFideId "9932470"]
[WhiteElo "2083"]
[BlackElo "1556"]
[Result "0-1"]
[Round "08"]
[TimeControl "180+2"]
[Date "2023.05.23"]
[WhiteClock "0:00:00"]
[BlackClock "0:00:30"]

1. d4 Nf6 2. c4 e6 3. g3 d5 4. Nf3 Bb4+ 5. Nc3 Be7 6. Bg2 b6 7. O-O Bb7 8. cxd5 exd5 9. Ne5 O-O 10. Bf4 Nbd7 11. Rc1 c6 12. a4 Nxe5 13. Bxe5 Bd6 14. Bxd6 Qxd6 15. Qd3 Rfe8 16. Rfe1 Re7 17. f3 Rd8 18. Rcd1 Red7 19. Kh1 h6 20. Bh3 Re7 21. e4 dxe4 22. fxe4 c5 23. d5 Qe5 24. Qf3 Rde8 25. Bg2 Rd8 26. Kg1 a6 27. Qf4 Bc8 28. d6 Ree8 29. Nd5 Qxd6 30. e5 Nxd5 31. Bxd5 Qe7 32. Bc6 Rf8 33. Qe4 Be6 34. Rd3 c4 35. Rdd1 Qc7 36. Qg2 Bg4 37. Rc1 Bd7 38. Bd5 b5 39. axb5 axb5 40. Qf3 Be6 41. Be4 Qc5+ 42. Kh1 Rd2 43. h3 Rf2 44. Qg4 Bxg4 0-1


[Site "https://www.chess.com"]

[Event "Titled Tuesday Blitz May 23 Early 2023"]
[White "Kriti Mayur Patel"]
[Black "Sovetbekova, Nurai"]
[WhiteFideId "35061780"]
[BlackFideId "13801910"]
[WhiteElo "1306"]
[BlackElo "1857"]
[Result "1-0"]
[Round "08"]
[TimeControl "180+2"]
[Date "2023.05.23"]
[WhiteClock "0:01:40"]
[BlackClock "0:01:05"]

1. e4 c5 2. d4 cxd4 3. c3 Nf6 4. e5 Nd5 5. Bc4 Nb6 6. Bb3 Nc6 7. Nf3 d6 8. exd6 Qxd6 9. O-O Be6 10. Na3 Bxb3 11. Qxb3 e6 12. Nb5 Qd8 13. Bf4 Nd5 14. Bg3 dxc3 15. bxc3 a6 16. Nbd4 Nxd4 17. cxd4 b5 18. Rac1 Bd6 19. Ne5 O-O 20. f4 Rc8 21. f5 exf5 22. Qxd5 Qf6 23. Nd7 Qh6 24. Rxc8 Rxc8 25. Qxd6 Qe3+ 26. Bf2 Qe2 27. Ne5 h6 28. Qd7 Rf8 29. Qxf5 1-0


[Site "https://www.chess.com"]

[Event "Titled Tuesday Blitz May 23 Early 2023"]
[White "Georg, Heinz"]
[Black "Necula, Iulian"]
[WhiteFideId "4607295"]
[BlackFideId "1232380"]
[WhiteElo "2311"]
[BlackElo "1790"]
[Result "1-0"]
[Round "08"]
[TimeControl "180+2"]
[Date "2023.05.23"]
[WhiteClock "0:00:17"]
[BlackClock "0:00:21"]

1. e4 d6 2. d4 Nf6 3. Nc3 Nbd7 4. f4 e5 5. Nf3 exd4 6. Nxd4 g6 7. Bd3 Bg7 8. Be3 O-O 9. O-O Re8 10. Kh1 c5 11. Nf3 Ng4 12. Bg1 Nb6 13. h3 Nh6 14. e5 Nf5 15. Bxf5 Bxf5 16. exd6 Nc4 17. Rb1 Nxb2 18. Rxb2 Bxc3 19. Rxb7 Be4 20. Rc7 Ba5 21. Rxc5 Bb6 22. Re5 Bxg1 23. Nxg1 Qf6 24. d7 Red8 25. Rxe4 Rab8 26. Rfe1 Kg7 27. Nf3 h6 28. Ne5 Rb7 29. Rd4 Qe6 30. Rd6 Qe7 31. Qd4 f6 32. Nd3 Qf7 33. Nc5 Rc7 34. Ne6+ Kh7 35. Nxd8 Qxa2 36. Re7+ Kg8 37. Qxf6 Qa1+ 38. Qxa1 1-0


[Site "https://www.chess.com"]

[Event "Titled Tuesday Blitz May 23 Early 2023"]
[White "Saim, Mohamed Ilias"]
[Black "Rose, Felix"]
[WhiteFideId "7900465"]
[BlackFideId "5105722"]
[WhiteElo "2063"]
[BlackElo "2039"]
[Result "0-1"]
[Round "08"]
[TimeControl "180+2"]
[Date "2023.05.23"]
[WhiteClock "0:01:59"]
[BlackClock "0:02:09"]

1. c4 e6 2. g3 d5 3. Bg2 Nf6 4. d4 dxc4 5. Qa4+ Nbd7 6. Qxc4 a6 7. a4 b5 8. axb5 axb5 9. Rxa8 bxc4 10. Bg5 Nb6 11. Rb8 Bb4+ 12. Nc3 O-O 13. Nf3 h6 14. Bf4 Nfd5 15. Bd2 c5 16. dxc5 Bxc5 17. O-O Qc7 18. Rxc8 Rxc8 0-1


[Site "https://www.chess.com"]

[Event "Titled Tuesday Blitz May 23 Early 2023"]
[White "Butolo, Alexandru-Mircea"]
[Black "mohsengabr2002"]
[WhiteFideId "1261649"]
[WhiteElo "1850"]
[BlackElo "2289"]
[Result "0-1"]
[Round "08"]
[TimeControl "180+2"]
[Date "2023.05.23"]
[WhiteClock "0:00:00"]
[BlackClock "0:00:13"]

1. e4 c5 2. Nf3 d6 3. d4 cxd4 4. Nxd4 a6 5. Nc3 e5 6. Nf5 Bxf5 7. exf5 Nf6 8. Bc4 Qc7 9. Qe2 h6 10. O-O Be7 11. f4 Nbd7 12. Bb3 O-O 13. Kh1 b5 14. a3 Rae8 15. Be3 exf4 16. Bxf4 Ne5 17. Rae1 Bd8 18. Qd1 Be7 19. Nd5 Nxd5 20. Qxd5 Bf6 21. Re3 Rd8 22. Rc3 Qb6 23. Rg3 Kh7 24. h3 Qc5 25. Qd2 Nc4 26. Bxc4 Qxc4 27. Rd3 d5 28. b3 Qc5 29. Rd1 d4 30. b4 Qxf5 31. Rf3 Qe4 32. Bxh6 Rc8 33. Rf4 Qxc2 34. Qe1 Qc3 0-1


[Site "https://www.chess.com"]

[Event "Titled Tuesday Blitz May 23 Early 2023"]
[White "Brueckner, Thomas"]
[Black "Semenova, Alina"]
[WhiteFideId "4600452"]
[BlackFideId "24113875"]
[WhiteElo "2322"]
[BlackElo "1833"]
[Result "1-0"]
[Round "08"]
[TimeControl "180+2"]
[Date "2023.05.23"]
[WhiteClock "0:01:59"]
[BlackClock "0:01:06"]

1. e4 c5 2. Nf3 Nc6 3. d4 cxd4 4. Nxd4 Nf6 5. Nc3 g6 6. Nxc6 bxc6 7. e5 Ng8 8. Bc4 Bg7 9. Qe2 Qa5 10. Bf4 f6 11. exf6 Nxf6 12. O-O-O d5 13. Bb3 Ba6 14. Qe6 Qb6 15. Rhe1 Ne4 16. Nxe4 dxe4 17. Qf7# 1-0


[Site "https://www.chess.com"]

[Event "Titled Tuesday Blitz May 23 Early 2023"]
[White "chessjazda"]
[Black "Blackwhite017"]
[WhiteElo "2285"]
[BlackElo "2076"]
[Result "0-1"]
[Round "08"]
[TimeControl "180+2"]
[Date "2023.05.23"]
[WhiteClock "0:01:52"]
[BlackClock "0:00:56"]

1. f4 d5 2. Nf3 g6 3. d4 Bg7 4. b3 e6 5. Bb2 Ne7 6. e3 c5 7. Ne5 cxd4 8. exd4 Nbc6 9. Be2 Nf5 10. Nxc6 bxc6 11. O-O Ne3 12. Qd2 Nxf1 13. Bxf1 Qb6 14. c4 Ba6 15. c5 Qb7 16. Nc3 Bxf1 17. Rxf1 O-O 18. Nd1 Rae8 19. Bc3 f6 20. Nf2 e5 21. fxe5 fxe5 22. dxe5 Bxe5 23. Nd3 Rxf1+ 24. Kxf1 Qf7+ 25. Kg1 Bxc3 26. Qxc3 Qg7 27. Qd2 Qd4+ 28. Kf1 Re3 0-1


[Site "https://www.chess.com"]

[Event "Titled Tuesday Blitz May 23 Early 2023"]
[White "Nithyalakshmi, Sivanesan"]
[Black "Singgih, Diajeng Theresa"]
[WhiteFideId "5706955"]
[BlackFideId "7104391"]
[WhiteElo "1815"]
[BlackElo "1891"]
[Result "1-0"]
[Round "08"]
[TimeControl "180+2"]
[Date "2023.05.23"]
[WhiteClock "0:00:21"]
[BlackClock "0:00:10"]

1. e4 e5 2. Nf3 Nc6 3. d4 exd4 4. Nxd4 Nxd4 5. Qxd4 d6 6. Nc3 Nf6 7. Bg5 Be7 8. O-O-O O-O 9. f3 Re8 10. h4 Nh5 11. Bxe7 Qxe7 12. Qf2 Qe5 13. Bc4 Be6 14. Bb5 c6 15. Bf1 Ng3 16. f4 Qa5 17. Qxg3 Bxa2 18. Nxa2 Qxa2 19. Qa3 Qe6 20. Bd3 d5 21. e5 b6 22. Rde1 c5 23. f5 Qh6+ 24. Kb1 c4 25. Bf1 Qf4 26. f6 gxf6 27. Qf3 fxe5 28. Qxd5 Rad8 29. Qxc4 Qf2 30. Bd3 e4 31. Rxe4 Rxe4 32. Qxe4 Kh8 33. Qxh7# 1-0


[Site "https://www.chess.com"]

[Event "Titled Tuesday Blitz May 23 Early 2023"]
[White "Silva Rosas, Natalia"]
[Black "Cardozo Munar, Carlos Eduardo"]
[WhiteFideId "3000575"]
[BlackFideId "4409477"]
[WhiteElo "1651"]
[BlackElo "2067"]
[Result "0-1"]
[Round "08"]
[TimeControl "180+2"]
[Date "2023.05.23"]
[WhiteClock "0:00:00"]
[BlackClock "0:01:01"]

1. e4 e6 2. d3 d5 3. Nd2 Nf6 4. Ngf3 c5 5. g3 Nc6 6. Bg2 Be7 7. O-O b5 8. Re1 a5 9. e5 Nd7 10. Qe2 a4 11. h4 b4 12. c3 a3 13. Nf1 Qb6 14. N1h2 Ba6 15. c4 axb2 16. Bxb2 dxc4 17. dxc4 Rd8 18. Rad1 Na5 19. Nd2 b3 20. a3 O-O 21. Ng4 Nc6 22. Be4 Nd4 23. Qd3 h5 24. Bxd4 cxd4 25. Qxb3 Qxb3 26. Nxb3 hxg4 27. Nxd4 Nxe5 28. Bh7+ Kxh7 29. Rxe5 Bxc4 30. Re4 Bd5 31. Rxg4 Bf3 0-1


[Site "https://www.chess.com"]

[Event "Titled Tuesday Blitz May 23 Early 2023"]
[White "Acikel, Mert"]
[Black "Castillo Pena, Patricia Evarista"]
[WhiteFideId "12956465"]
[BlackFideId "6412106"]
[WhiteElo "2097"]
[BlackElo "1919"]
[Result "1-0"]
[Round "08"]
[TimeControl "180+2"]
[Date "2023.05.23"]
[WhiteClock "0:01:28"]
[BlackClock "0:00:13"]

1. e4 c5 2. Nf3 d6 3. Bb5+ Bd7 4. c4 a6 5. Bxd7+ Qxd7 6. d4 cxd4 7. Nxd4 Nc6 8. Nc3 g6 9. Be3 Bg7 10. Rc1 Rc8 11. b3 Nf6 12. h3 O-O 13. O-O Qd8 14. Qd2 Nxd4 15. Bxd4 Qa5 16. Rfd1 Rfe8 17. Bxf6 Bxf6 18. Nd5 Qxd2 19. Nxf6+ exf6 20. Rxd2 Rxe4 21. Rdd1 Re6 22. Rd2 Kf8 23. Rcd1 Ke7 24. a4 Rc5 25. Kf1 h5 26. h4 b5 27. cxb5 axb5 28. a5 b4 29. Ra1 Ree5 30. a6 Ra5 31. Rda2 Rxa2 32. Rxa2 Kd7 33. a7 1-0


[Site "https://www.chess.com"]

[Event "Titled Tuesday Blitz May 23 Early 2023"]
[White "Clawitter, Craig"]
[Black "Shapiro, Viktor"]
[WhiteFideId "2023105"]
[BlackFideId "4175700"]
[WhiteElo "2227"]
[BlackElo "2152"]
[Result "0-1"]
[Round "08"]
[TimeControl "180+2"]
[Date "2023.05.23"]
[WhiteClock "0:00:01"]
[BlackClock "0:01:19"]

1. e4 c5 2. Nf3 Nc6 3. d4 cxd4 4. Nxd4 Nf6 5. Nc3 e5 6. Ndb5 d6 7. Bg5 a6 8. Na3 b5 9. Bxf6 gxf6 10. Nd5 f5 11. Bd3 Be6 12. O-O Bg7 13. Qh5 f4 14. c4 b4 15. Nc2 Rb8 16. Kh1 h6 17. g3 Qg5 18. Qe2 a5 19. Rg1 f3 20. Nc7+ Kd7 21. Nxe6 fxe6 22. Qxf3 Rbf8 23. Qe2 h5 24. h4 Qg4 25. Qxg4 hxg4 26. Kg2 Bh6 27. Rgf1 Rf6 28. f3 gxf3+ 29. Rxf3 Rxf3 30. Kxf3 Rf8+ 31. Kg2 Rg8 32. Rf1 Ke7 33. Rf3 a4 34. Kh3 b3 35. axb3 axb3 36. Ne1 Nd4 37. Rf2 Be3 38. Rg2 Rf8 39. g4 Bf2 40. Rxf2 Rxf2 41. g5 Rxb2 42. h5 Rd2 43. g6 Kf6 44. Kg4 b2 45. Bb1 Rd1 0-1


[Site "https://www.chess.com"]

[Event "Titled Tuesday Blitz May 23 Early 2023"]
[White "Martinez, Shawn"]
[Black "Hon, Eric"]
[WhiteFideId "2039770"]
[BlackFideId "2097117"]
[WhiteElo "2174"]
[BlackElo "1918"]
[Result "1-0"]
[Round "08"]
[TimeControl "180+2"]
[Date "2023.05.23"]
[WhiteClock "0:00:06"]
[BlackClock "0:00:04"]

1. e4 c5 2. Nc3 Nc6 3. Bb5 Nd4 4. Nf3 g6 5. Bc4 Bg7 6. Nxd4 cxd4 7. Qf3 Nh6 8. d3 O-O 9. Ne2 Ng4 10. Bxf7+ Rxf7 11. Qxg4 d5 12. Qh4 dxe4 13. Qxe4 e5 14. Ng3 Be6 15. O-O Rc8 16. h4 Rxc2 17. Bg5 Qd5 18. Rac1 Rxb2 19. Qe1 Qxa2 20. Ne4 h6 21. Rc5 hxg5 22. Nxg5 Rf8 23. Qe4 Bf5 24. Qf3 Bh6 25. Rxe5 Bxg5 26. hxg5 Qf7 27. Qg3 Kg7 28. Rfe1 Kg8 29. Re7 Qd5 30. Qh4 Rf7 31. Re8+ Rf8 32. R1e7 Rb1+ 33. Kh2 Qd6+ 34. f4 Qxe7 35. Rxe7 Rf7 36. Re8+ Rf8 37. Re5 Rb6 38. Qh6 Bxd3 39. Re7 Rf7 40. Re8+ Rf8 41. Rxf8# 1-0


[Site "https://www.chess.com"]

[Event "Titled Tuesday Blitz May 23 Early 2023"]
[White "Blokhin, Sofia"]
[Black "Tarnowska, Aleksandra"]
[WhiteFideId "4508190"]
[BlackFideId "1180967"]
[WhiteElo "1994"]
[BlackElo "1776"]
[Result "1-0"]
[Round "08"]
[TimeControl "180+2"]
[Date "2023.05.23"]
[WhiteClock "0:00:12"]
[BlackClock "0:00:13"]

1. e4 c5 2. Nf3 e6 3. d4 cxd4 4. Nxd4 a6 5. Nc3 Qc7 6. a3 b5 7. Be3 Bb7 8. f3 Nf6 9. Qd2 d5 10. exd5 Nxd5 11. Nxd5 Bxd5 12. O-O-O Nd7 13. Kb1 Be7 14. Nf5 Bf6 15. Bf4 Qc6 16. Nd6+ Kf8 17. Ne4 Rc8 18. Nxf6 Nxf6 19. Be5 Ke7 20. Bd3 Rhd8 21. Qg5 Rg8 22. Rhe1 h6 23. Qh4 Rgd8 24. Qb4+ Qc5 25. Qxc5+ Rxc5 26. Bc3 Rc6 27. Bb4+ Ke8 28. Bf5 Rdc8 29. Rd2 Kd7 30. Be4 Kc7 31. Ba5+ Kb7 32. Bc3 Bxe4 33. fxe4 R8c7 34. Bxf6 gxf6 35. Rf1 f5 36. exf5 exf5 37. Rxf5 Re6 38. Rdf2 Re1+ 39. Ka2 Rc1 40. Rxf7 Rxc2 41. Rxc7+ Rxc7 42. Rf6 h5 43. Rh6 Rc2 44. Rxh5 Rxg2 45. Rh8 Kc6 46. h4 Kd5 47. h5 a5 48. h6 Rh2 49. h7 Ke6 50. Re8+ Kf7 51. h8=Q Rxh8 52. Rxh8 b4 53. axb4 axb4 54. Rb8 b3+ 55. Rxb3 Ke6 56. Rc3 Kf5 57. b4 Ke4 58. b5 Kd5 59. b6 Kd4 60. Rc1 Kd3 61. b7 Kd2 62. Rc8 Kd3 63. b8=Q Kd4 64. Qc7 Kd5 65. Qd7+ Ke5 66. Re8+ Kf6 67. Qe6+ Kg7 68. Rg8+ Kh7 69. Qg6# 1-0


[Site "https://www.chess.com"]

[Event "Titled Tuesday Blitz May 23 Early 2023"]
[White "Napoli, Nicolo"]
[Black "Winkels, Marcel"]
[WhiteFideId "813702"]
[BlackFideId "1003887"]
[WhiteElo "2308"]
[BlackElo "1900"]
[Result "0-1"]
[Round "08"]
[TimeControl "180+2"]
[Date "2023.05.23"]
[WhiteClock "0:00:01"]
[BlackClock "0:00:38"]

1. e4 c5 2. Nf3 d6 3. c3 Bg4 4. Be2 Nc6 5. O-O Nf6 6. d3 g6 7. Ng5 Bxe2 8. Qxe2 Bg7 9. f4 O-O 10. Na3 a6 11. Nc2 b5 12. d4 cxd4 13. cxd4 Rc8 14. d5 Na5 15. Nb4 Nc4 16. Nc6 Qd7 17. Rb1 e6 18. Nb4 exd5 19. Nxd5 Nxd5 20. exd5 Rfe8 21. Qf2 Nb6 22. Rd1 Qb7 23. Qf3 h6 24. Ne4 Qc7 25. b3 Nd7 26. Bb2 Nc5 27. Nxc5 Qxc5+ 28. Qf2 Qxf2+ 29. Kxf2 Rc2+ 30. Kf3 Rxb2 31. Rbc1 Rxa2 32. Rc6 Ree2 33. Rxd6 Rf2+ 34. Ke3 Rae2+ 35. Kd3 Rxg2 36. Rc1 Rd2+ 37. Ke3 Bd4+ 38. Kf3 Rgf2+ 39. Kg4 Bg7 40. Rd8+ Kh7 41. Rc7 Rg2+ 42. Kf3 Rgf2+ 43. Ke3 Rfe2+ 44. Kf3 Rf2+ 45. Ke3 Rxh2 46. Rxf7 Rde2+ 47. Kf3 Rb2 48. Rdd7 Rxb3+ 49. Ke4 Re2# 0-1


[Site "https://www.chess.com"]

[Event "Titled Tuesday Blitz May 23 Early 2023"]
[White "dDobravcan"]
[Black "Afanasieva, Alexandra"]
[BlackFideId "34126926"]
[WhiteElo "2124"]
[BlackElo "1745"]
[Result "0-1"]
[Round "08"]
[TimeControl "180+2"]
[Date "2023.05.23"]
[WhiteClock "0:00:00"]
[BlackClock "0:00:40"]

1. d4 Nf6 2. Nc3 e6 3. Bf4 Bb4 4. e3 d5 5. Bd3 b6 6. Ne2 Nbd7 7. a3 Bxc3+ 8. Nxc3 c5 9. g4 cxd4 10. exd4 Bb7 11. Qe2 a6 12. g5 Ng8 13. h4 Ne7 14. h5 Nc6 15. Qe3 Qe7 16. O-O-O O-O-O 17. Na4 b5 18. Nc3 b4 19. axb4 Qxb4 20. g6 hxg6 21. hxg6 f6 22. Rxh8 Rxh8 23. Qxe6 Nxd4 24. Qf7 Qf8 25. Bf5 Nxf5 26. Nxd5 Qxf7 27. gxf7 Bxd5 28. Rxd5 Ne7 29. Rd6 Rf8 30. Rxa6 Rxf7 31. b4 Nd5 32. Bd2 Ne5 33. c3 Rc7 34. Kb2 Nc4+ 35. Kc2 Nxd2 36. Kxd2 Nxc3 37. Ra8+ Kd7 38. Rg8 Ne4+ 39. Ke3 Ng5 40. Rxg7+ Kd6 41. Rxc7 Kxc7 42. Kf4 Kd6 0-1


[Site "https://www.chess.com"]

[Event "Titled Tuesday Blitz May 23 Early 2023"]
[White "Hartikainen, Jarmo"]
[Black "James, Stuart"]
[WhiteFideId "503134"]
[BlackFideId "7400489"]
[WhiteElo "2081"]
[BlackElo "1950"]
[Result "0-1"]
[Round "08"]
[TimeControl "180+2"]
[Date "2023.05.23"]
[WhiteClock "0:00:00"]
[BlackClock "0:01:56"]

1. e4 c5 2. c3 Nf6 3. e5 Nd5 4. d4 cxd4 5. Nf3 e6 6. cxd4 b6 7. Nc3 Nxc3 8. bxc3 Qc7 9. Bd2 d6 10. Bd3 Bb7 11. exd6 Bxd6 12. h3 Nd7 13. Qe2 O-O 14. O-O e5 15. Rfe1 Rae8 16. dxe5 Nxe5 17. Nxe5 Rxe5 18. Qg4 Rfe8 19. Rxe5 Bxe5 20. Re1 Bh2+ 21. Kh1 Rxe1+ 22. Bxe1 Be5 23. c4 h6 0-1


[Site "https://www.chess.com"]

[Event "Titled Tuesday Blitz May 23 Early 2023"]
[White "Pg, Mohd Omar Ak Hira"]
[Black "Lohani, Sujana"]
[WhiteFideId "10500103"]
[BlackFideId "12311987"]
[WhiteElo "2167"]
[BlackElo "1718"]
[Result "1-0"]
[Round "08"]
[TimeControl "180+2"]
[Date "2023.05.23"]
[WhiteClock "0:01:26"]
[BlackClock "0:00:14"]

1. e4 c6 2. Nf3 d5 3. exd5 cxd5 4. Bb5+ Nc6 5. O-O Bg4 6. h3 Bxf3 7. Qxf3 e6 8. Re1 Nf6 9. c4 Be7 10. Nc3 O-O 11. d3 Nd4 12. Qd1 Nxb5 13. cxb5 Qb6 14. a4 Bc5 15. Re2 Rac8 16. a5 Qc7 17. Bg5 Nd7 18. Ra4 b6 19. a6 d4 20. Ne4 Bd6 21. Rxd4 Be5 22. Rc4 Qb7 23. axb7 Rb8 24. Be7 Rfe8 25. Bd6 Rxb7 26. Bxe5 Nxe5 27. Nd6 Nxc4 28. Nxe8 Na5 29. Qc2 Rd7 30. Qc8 1-0


[Site "https://www.chess.com"]

[Event "Titled Tuesday Blitz May 23 Early 2023"]
[White "Sanchez, Robert"]
[Black "Coelho, Ramyres Santana"]
[WhiteFideId "2034360"]
[BlackFideId "2120690"]
[WhiteElo "1834"]
[BlackElo "1888"]
[Result "0-1"]
[Round "08"]
[TimeControl "180+2"]
[Date "2023.05.23"]
[WhiteClock "0:02:27"]
[BlackClock "0:01:11"]

1. e4 c5 2. d4 cxd4 3. c3 d3 4. Bxd3 Nc6 5. Nf3 d6 6. Bc4 e6 7. O-O Nf6 8. Qe2 Be7 9. Rd1 Qc7 10. Bb3 O-O 11. Na3 Ne5 12. Nb5 Qb8 13. Bf4 Nxf3+ 14. Qxf3 e5 15. Bg5 Rd8 16. h3 a6 17. Na3 Be6 18. Bxf6 Bxf6 19. Bxe6 fxe6 20. Qg4 Qc8 21. Rd3 d5 22. Rad1 dxe4 23. Rxd8+ Bxd8 24. Qxe4 Bf6 25. Nc4 Qc6 26. Qxc6 bxc6 27. Rd6 Rd8 28. Rxd8+ Bxd8 29. Nxe5 0-1


[Site "https://www.chess.com"]

[Event "Titled Tuesday Blitz May 23 Early 2023"]
[White "Vargas, Mauricio"]
[Black "stratacticos"]
[WhiteFideId "4404572"]
[WhiteElo "1986"]
[BlackElo "1888"]
[Result "0-1"]
[Round "08"]
[TimeControl "180+2"]
[Date "2023.05.23"]
[WhiteClock "0:00:00"]
[BlackClock "0:00:29"]

1. e4 c5 2. Nc3 Nc6 3. f4 g6 4. Nf3 Bg7 5. d3 e6 6. g3 Nge7 7. Bg2 O-O 8. O-O d5 9. e5 Nd4 10. Ne2 Nec6 11. c3 Nxe2+ 12. Qxe2 f6 13. exf6 Qxf6 14. Re1 Bd7 15. Ng5 Rae8 16. Qf2 e5 17. Bxd5+ Kh8 18. Qxc5 Rc8 19. Qf2 h6 20. Ne4 Qe7 21. Qg2 Bf5 22. Nf2 Qd6 23. fxe5 Nxe5 24. d4 Nc6 25. Bf4 Qd7 26. Bd2 g5 27. g4 Rcd8 28. Bxc6 bxc6 29. gxf5 c5 30. Be3 Rxf5 31. dxc5 Re8 32. Rad1 Rxe3 33. Rxd7 Rxe1+ 34. Qf1 Rxf1+ 35. Kxf1 Rxc5 36. Ke2 a5 37. Nd3 Rf5 38. Rd8+ Kh7 39. Rd7 Kg6 40. Ke3 g4 41. Rd6+ Kg5 0-1


[Site "https://www.chess.com"]

[Event "Titled Tuesday Blitz May 23 Early 2023"]
[White "Castellanos Hernandez, Emilio Au"]
[Black "Piesik, Piotr"]
[WhiteFideId "5114179"]
[BlackFideId "1136194"]
[WhiteElo "2037"]
[BlackElo "2299"]
[Result "0-1"]
[Round "08"]
[TimeControl "180+2"]
[Date "2023.05.23"]
[WhiteClock "0:01:50"]
[BlackClock "0:02:01"]

1. e4 g6 2. d4 Bg7 3. Nc3 c6 4. Bf4 d5 5. exd5 cxd5 6. h4 h5 7. Nf3 Bg4 8. Qd2 Bxf3 9. gxf3 Nc6 10. Bb5 Nh6 11. O-O-O Nf5 12. Be3 Rc8 13. Ne2 Qb6 14. Bxc6+ Rxc6 15. Kb1 e6 16. Nf4 Bf6 17. c3 Nxh4 18. Rde1 0-1


[Site "https://www.chess.com"]

[Event "Titled Tuesday Blitz May 23 Early 2023"]
[White "MANOJ_MISHRA123"]
[Black "Mayaud, Raphael"]
[BlackFideId "627151"]
[WhiteElo "2218"]
[BlackElo "2191"]
[Result "1-0"]
[Round "08"]
[TimeControl "180+2"]
[Date "2023.05.23"]
[WhiteClock "0:00:15"]
[BlackClock "0:00:00"]

1. d4 d5 2. Bf4 Nf6 3. e3 c5 4. c3 Qb6 5. Qb3 c4 6. Qc2 Nc6 7. Nd2 g6 8. f3 Bg7 9. e4 Nh5 10. Be3 dxe4 11. Nxc4 Qc7 12. fxe4 O-O 13. Nf3 Bg4 14. Be2 Nf4 15. O-O Nxe2+ 16. Qxe2 e5 17. d5 Na5 18. Nxa5 Qxa5 19. h3 Bd7 20. a4 f5 21. b4 Qc7 22. Bc5 Rfc8 23. d6 Qc6 24. Qc4+ Kh8 25. Ng5 h6 26. Nf7+ Kh7 27. exf5 b6 28. Qg4 gxf5 29. Qh5 bxc5 30. b5 Qd5 31. Rad1 Qe6 32. Ng5+ Kg8 33. Nxe6 Bxe6 34. d7 Rd8 35. Qg6 Bxd7 36. Rxd7 Rxd7 37. Qe6+ Rf7 38. Rxf5 Rf8 39. Rxf7 Rxf7 40. Qd5 1-0


[Site "https://www.chess.com"]

[Event "Titled Tuesday Blitz May 23 Early 2023"]
[White "Dilmukhametov, Artur"]
[Black "Kostiukov, Alexandr"]
[WhiteFideId "24179922"]
[BlackFideId "14108100"]
[WhiteElo "2242"]
[BlackElo "2202"]
[Result "0-1"]
[Round "08"]
[TimeControl "180+2"]
[Date "2023.05.23"]
[WhiteClock "0:00:00"]
[BlackClock "0:00:04"]

1. e4 c5 2. Nf3 g6 3. c3 Bg7 4. d4 cxd4 5. cxd4 d5 6. exd5 Nf6 7. Nc3 Nxd5 8. Nxd5 Qxd5 9. Be3 O-O 10. Be2 Nc6 11. O-O Bg4 12. b3 b5 13. h3 Bf5 14. Rc1 a6 15. Rc5 Qd7 16. Nh4 Bxh3 17. Qc1 Nxd4 18. Bxd4 Bxd4 19. Rd1 Be6 20. Rc7 Qd6 21. Nf3 Bxf2+ 22. Kxf2 Qb6+ 23. Ke1 Rac8 24. Rxc8 Rxc8 25. Qb2 b4 26. Ng5 Qg1+ 27. Kd2 Rd8+ 28. Kc1 Qe3+ 29. Kb1 Bf5+ 30. Ka1 Rxd1+ 31. Bxd1 Qxg5 32. Bf3 Qe3 33. a3 bxa3 34. Qxa3 Qc3+ 35. Ka2 Qc2+ 36. Qb2 Qxb2+ 37. Kxb2 Bd3 38. Kc3 Bb5 39. Bd5 e6 40. Bb7 Kf8 41. Kb4 Ke7 42. g3 Kd6 43. Be4 f5 44. Bc2 e5 45. Kc3 e4 46. Kd4 g5 47. Bd1 h6 48. Bh5 Bc6 49. Be2 Bb5 50. Bd1 Bf1 51. Bh5 Kc6 52. Bd1 Kb5 53. Bc2 Kb4 54. Bd1 a5 55. Bc2 Bd3 56. Bd1 f4 57. gxf4 gxf4 58. Bh5 f3 0-1


[Site "https://www.chess.com"]

[Event "Titled Tuesday Blitz May 23 Early 2023"]
[White "Bortnyk, Olexandr"]
[Black "Grischuk, Alexander"]
[WhiteFideId "14120828"]
[BlackFideId "4126025"]
[WhiteElo "2734"]
[BlackElo "2721"]
[Result "0-1"]
[Round "09"]
[TimeControl "180+2"]
[Date "2023.05.23"]
[WhiteClock "0:00:00"]
[BlackClock "0:00:21"]

1. d4 Nf6 2. Nc3 d5 3. Bf4 g6 4. e3 Bg7 5. h4 h5 6. Nf3 O-O 7. Qd2 c5 8. Ne5 Nc6 9. f3 cxd4 10. exd4 Bf5 11. Bb5 Nxe5 12. dxe5 Nd7 13. Nxd5 Nxe5 14. Bxe5 Bxe5 15. O-O-O e6 16. Rhe1 Bg3 17. Ne3 Qxd2+ 18. Kxd2 Rfd8+ 19. Ke2 Bxe1 20. Rxe1 Rac8 21. Ba4 Rd4 22. Bb3 Rxh4 23. c3 Rd8 24. a3 Kg7 25. a4 Kf6 26. Rg1 g5 27. a5 Bd3+ 28. Kf2 Ba6 29. Ke1 Rd3 30. Nd1 Rf4 31. Bc2 Rd5 32. b4 Re5+ 33. Kd2 Re2+ 34. Kc1 h4 35. Nb2 h3 36. gxh3 Rxf3 37. c4 Rc3 38. Rf1+ Ke7 0-1


[Site "https://www.chess.com"]